 Dungeon Crawl Stone Soup version 0.21-a0-79-g04744e2 (webtiles) character file.

567 MovingMist the Skirmisher (level 7, -1/44 HPs)
             Began as a Gargoyle Fighter on June 23, 2017.
             Killed by divine providence
             ... invoked by an orc priest
              (14 damage)
             ... on level 5 of the Dungeon.
             The game lasted 00:07:10 (3094 turns).

MovingMist the Skirmisher (Gargoyle Fighter)        Turns: 3094, Time: 00:07:11

Health: -1/44      AC: 13    Str: 20    XL:     7   Next: 33%
Magic:  7/7        EV:  9    Int:  8    God:
Gold:   200        SH:  9    Dex: 11    Spells: 6/6 levels left

rFire    . . .     SeeInvis .   a - +0 flail
rCold    . . .     Gourm    .   c - +0 shield
rNeg     + . .     Faith    .   b - +0 scale mail
rPois    ∞         Spirit   .   (no helmet)
rElec    +         Reflect  .   (no cloak)
rCorr    .         Harm     .   p - +0 pair of gloves
MR       .....                  (no boots)
Stlth    ..........             (no amulet)
HPRegen  0.14/turn              (no ring)
MPRegen  0.10/turn              (no ring)

@: no status effects
A: negative energy resistance 1, electricity resistance, unbreathing,
petrification resistance, rot immunity, AC +4
a: no special abilities


You were on level 5 of the Dungeon.
You were not hungry.

You visited 1 branch of the dungeon, and saw 5 of its levels.

You collected 200 gold pieces.

Inventory:

Hand Weapons
 a - a +0 flail (weapon)
Armour
 b - a +0 scale mail (worn)
 c - a +0 shield (worn)
 p - a +0 pair of gloves (worn)
Jewellery
 q - an uncursed ring of fire {unknown}
 s - a cursed ring of resist corrosion {unknown}
 v - an uncursed ring of ice {unknown}
Scrolls
 h - a scroll of teleportation {unknown}
 i - 2 scrolls of random uselessness {unknown}
 j - 2 scrolls of remove curse {unknown}
 k - a scroll of recharging {unknown}
 l - 2 scrolls of fog {unknown}
 n - a scroll of enchant weapon {unknown}
 o - 6 scrolls of identify {unknown}
 r - a scroll of enchant armour {unknown}
 t - a scroll of blinking {unknown}
 y - a scroll of noise {unknown}
 z - a scroll of magic mapping {unknown}
Potions
 d - 2 potions of might
 e - 3 potions of curing {unknown}
 m - a potion of cancellation {unknown}
 w - a potion of flight {unknown}
 x - a potion of brilliance {unknown}
 A - 2 potions of agility {unknown}
 B - a potion of heal wounds {unknown}
 C - a potion of haste {unknown}
Comestibles
 f - 5 bread rations
 g - 3 royal jellies
 u - 9 chunks of flesh


   Skills:
 + Level 4.9 Fighting
 + Level 3.7 Maces & Flails
 + Level 4.7 Armour
 * Level 4.0 Dodging
 - Level 3.2 Shields


You had 6 spell levels left.
You didn't know any spells.

Dungeon Overview and Level Annotations

Branches:
Dungeon (5/15)
 Temple: D:4-7

Altars:
Xom
Yredelemnul
The Shining One

Shops:
D:4 %!(


Innate Abilities, Weirdness & Mutations

You are resistant to torment.
Your stone body is resilient. (AC +4)
You are immune to poison.
You resist negative energy. (rN+)
You are resistant to electric shocks. (rElec)
You can survive without breathing.
You are immune to petrification.
You are immune to rotting.


Message History

You closely miss the orc priest. You block the orc priest's attack.
You sock the orc priest!
You kill the orc priest!
The orc priest miscasts a cantrip.
Your shield prevents you from hitting the orc.
The orc hits you but does no damage.
You hit the orc but do no damage. The orc hits you but does no damage. x2
You barely miss the orc.
The orc priest calls down the wrath of Beogh upon you.
Beogh smites you! You block the orc's attack.
Your shield and scale mail prevent you from hitting the orc.
The orc priest calls down the wrath of Beogh upon you.
Beogh smites you!
* * * LOW HITPOINT WARNING * * *
You block the orc's attack.
You hit the orc.
The orc is moderately wounded.
The orc priest calls down the wrath of Beogh upon you.
Beogh smites you!
You die...

.# .P## ... ..# #.. ..#
..# ..# # .#.## #.#
#..#.# ......###.##
..o.o #>........#
...##.#
...##.###@######.o..o.#
# ####oo..(....#
#...o5.(##.###
#...o...# ... #.......#
#### #.......#
#......## #......#
#.<....#


You could see 2 orc priests, a shadow imp and 2 orcs.

Vanquished Creatures
  2 phantoms (D:4)
  A scorpion (D:4)
  A crimson imp (D:3)
  A hound (D:4)
  2 orc priests
  2 orc wizards (D:4)
  An iguana (D:4)
  A worker ant (D:4)
  3 adders
  3 oozes
  A worm (D:4)
  2 dart slugs
  A leopard gecko (D:2)
  5 orcs
  8 bats
  7 giant cockroaches
  7 goblins
  7 hobgoblins
  10 jackals
  5 kobolds
  A quokka (D:2)
  A ball python (D:4)
  3 frilled lizards (D:1)
  A quokka skeleton (D:4)
  7 rats
83 creatures vanquished.

Notes
Turn   | Place    | Note
-------+----------+-------------------------------------------
     0 | D:1      | MovingMist the Gargoyle Fighter began the quest for the Orb.
     0 | D:1      | Reached XP level 1. HP: 14/14 MP: 1/1
    70 | D:1      | Reached XP level 2. HP: 19/19 MP: 2/2
   329 | D:1      | Reached skill level 1 in Dodging
   329 | D:1      | Reached XP level 3. HP: 22/24 MP: 3/3
  1432 | D:2      | Reached XP level 4. HP: 29/29 MP: 4/4
  1823 | D:3      | Found a basalt altar of Yredelemnul.
  1826 | D:3      | Noticed a profane servitor
  1909 | D:3      | Reached XP level 5. HP: 30/33 MP: 5/5
  1957 | D:3      | Found a glowing golden altar of the Shining One.
  1959 | D:3      | Noticed an angel
  1995 | D:3      | Found a shimmering altar of Xom.
  2595 | D:4      | Found Zoyng's Weapon Emporium.
  2628 | D:4      | Found Saliod's Distillery.
  2633 | D:4      | Found Avvaitt's Food Emporium.
  2660 | D:4      | Reached XP level 6. HP: 33/39 MP: 6/6
  2747 | D:4      | Noticed a phantom
  2796 | D:4      | Killed a phantom
  2810 | D:4      | Noticed a phantom
  2864 | D:4      | Killed a phantom
  2864 | D:4      | Reached XP level 7. HP: 23/44 MP: 7/7
  3066 | D:5      | Entered Level 5 of the Dungeon
  3094 | D:5      | Killed from afar by an orc priest

Vault maps used:
D:1:      lightli_arrival_maybe_door_vault
D:3:      grunt_temple_overflow_holy_war, xom_teletrap_fun
D:4:      serial_shops, shop, shop, shop, interstate_on_off
D:5:      corexii_shack_village, old_standard_altar, nicolae_ru_awakened_eye,
          lemuel_doored_altar, marbit_many_paths, first_bread, uniq_edmund

Skill      XL: |  1  2  3  4  5  6  7 |
---------------+----------------------+-----
Dodging        | 1 2 3 4 |  4.0
Fighting       | 4 |  4.9
Armour         | 4 |  4.7
Maces & Flails | 3 |  3.7
Shields        | |  3.2

Action                   |  1- 3 |  4- 6 |  7- 9 || total
-------------------------+-------+-------+-------++-------
Melee: Flail             |    96 |   243 |    32 ||   371
  Eat: Chunk             |     1 |     6 |     1 ||     8
Armor: Scale mail        |    51 |   128 |    10 ||   189
Dodge: Dodged            |    21 |    98 |     9 ||   128
Block: Shield            |    48 |   131 |    18 ||   197
